 Dungeon Crawl Stone Soup version 0.28.0-43-g3370ac3207 (webtiles) character file.

Game seed: 3477738328006586295

1900 Gabide the Thaumaturge (level 8, -7/60 HPs)
             Began as a Mummy Necromancer on Mar 22, 2022.
             Mangled by a two-headed ogre
             ... wielding a +0 giant spiked club
              (21 damage)
             ... on level 5 of the Dungeon.
             The game lasted 00:14:16 (8216 turns).

Gabide the Thaumaturge (Mummy Necromancer)          Turns: 8216, Time: 00:14:17

Health: -7/60      AC:  3    Str: 12    XL:     8   Next: 93%
Magic:  16/20      EV: 13    Int: 16    God:
Gold:   80         SH:  0    Dex: 18    Spells: 11/24 levels left

rFire   x . .      SeeInvis .   e - +3 dire flail (vorpal)
rCold   + . .      Faith    .   (shield currently unavailable)
rNeg    + + +      Spirit   .   a - +1 robe
rPois   ∞          Reflect  .   (no helmet)
rElec   .          Harm     .   (no cloak)
rCorr   .          Rampage  .   (no gloves)
Will    +....                   (no boots)
Stlth   ++........              (no amulet)
HPRegen 0.20/turn               i - +6 ring of dexterity
MPRegen 0.17/turn               (no ring)

@: about to teleport
A: cold resistance 1, negative energy resistance 3, torment resistance 2, heat
vulnerability 1, no potions
a: no special abilities


You were on level 5 of the Dungeon.
You visited 1 branch of the dungeon, and saw 6 of its levels.

You collected 203 gold pieces.
You spent 123 gold pieces at shops.

Inventory:

Hand Weapons
 b - a +1 flail of protection
 e - a +3 vorpal dire flail (weapon)
Armour
 a - a +1 robe (worn)
Jewellery
 i - a +6 ring of dexterity (left hand)
Scrolls
 c - a scroll of magic mapping
 d - 2 scrolls of teleportation
 f - 3 scrolls of identify
 g - 2 scrolls of amnesia
 h - a scroll of noise


   Skills:
 * Level 3.7 Fighting
 + Level 2.1 Maces & Flails
 * Level 3.4 Dodging
 + Level 2.0 Stealth
 * Level 8.9 Spellcasting
 * Level 7.7 Necromancy


You had 11 spell levels left.
You knew the following spells:

 Your Spells              Type           Power      Damage    Failure   Level
a - Pain                  Necr           100%       1d9       1%          1
b - Vampiric Draining     Necr           32%        2d8       1%          3
c - Animate Dead          Necr           16%        N/A       4%          4
d - Agony                 Necr           32%        N/A       12%         5

Your spell library contained the following spells:

 Spells                   Type           Power      Damage    Failure   Level
 Animate Skeleton         Necr           64%        N/A       1%          1
 Ozocubu's Armour         Ice            7%         N/A       30%         3
 Ozocubu's Refrigeration  Ice            3%         4d5       100%        7


Dungeon Overview and Level Annotations

Branches:
Dungeon (6/15)
 Temple: D:4-7

Altars:

Shops:
D:6 ?


Innate Abilities, Weirdness & Mutations

You are immune to poison.
Your flesh is cold resistant. (rC+)
You are immune to negative energy. (rN+++)
You are immune to unholy pain and torment.
You are vulnerable to heat. (rF-)
You do not drink.


Message History

The bullfrog skeleton is severely damaged.
The bullfrog skeleton hits you.
You hit the bullfrog skeleton.
The bullfrog skeleton is almost destroyed.
The bullfrog skeleton hits you.
The bullfrog skeleton barely misses you.
You thump the bullfrog skeleton!
You destroy the bullfrog skeleton!
You start resting.
HP restored.
You aren't carrying any items that you can evoke.
As you read the scroll of identify, it crumbles to dust.
h - a scroll of noise The two-headed ogre shouts in stereo!
Press: ? - help, v - describe, . - travel
Here: a two-headed ogre, wielding two +0 giant spiked clubs The floor.
i - a +6 ring of dexterity
There is a stone staircase leading up here.
You feel agile.
i - a +6 ring of dexterity (left hand)
A two-headed ogre is nearby!
There is a stone staircase leading up here.
The two-headed ogre barely misses you. x2
You climb upwards.
There is a stone staircase leading down here.
Casting: Vampiric Draining (safe; 1% risk of failure)
Confirm with . or Enter, or press ? or * to list all spells.
The spell is quite dangerous to miscast (12% risk of failure)!
Continue anyway?
Aiming: Agony (quite dangerous; 12% risk of failure)
Press: ? - help, Shift-Dir - straight line, f - two-headed ogre
Aim: a two-headed ogre, wielding two +0 giant spiked clubs (chance to affect: 85%)
The two-headed ogre convulses!
The two-headed ogre hits you with a +0 giant spiked club! x2
As you read the scroll of teleportation, it crumbles to dust.
You feel strangely unstable.
The two-headed ogre hits you with a +0 giant spiked club!
* * * LOW HITPOINT WARNING * * *
The two-headed ogre hits you with a +0 giant spiked club!!
You die...

## .#
<########################
.........(......@O.....>#
.###...########.#######.#
.# #...# #.# #.# .# #...#
####'## #.#
.###...#####.....# #.#
.##..............# #.#
.##....####......# #.#
.##.......#......# #.#
........#.#......# #.#


You could see a two-headed ogre.

Vanquished Creatures
  A wyvern (D:6)
  Menkaure (D:4)
  Edmund (D:4)
  A water moccasin (D:5)
  3 ice beasts (D:5)
  A necrophage (D:5)
  A sky beast (D:5)
  3 ogres
  A phantom (D:4)
  A water moccasin skeleton (D:4)
  A howler monkey (D:5)
  A centaur zombie (D:6)
  3 hounds
  A jelly (D:6)
  An orc priest (D:6)
  3 bullfrog skeletons
  An iguana (D:5)
  Terence (D:2)
  An orc wizard (D:5)
  2 adders
  A shadow imp (D:5)
  A worm (D:3)
  2 dart slugs (D:1)
  10 orcs
  3 bats
  3 endoplasms
  6 giant cockroaches
  6 goblins
  6 hobgoblins
  2 kobolds (D:2)
  6 quokkas
  4 ball pythons
  6 frilled lizards
  4 rats
89 creatures vanquished.

Vanquished Creatures (collateral kills)
  A scorpion (D:6)
  A hound (D:6)
2 creatures vanquished.

Vanquished Creatures (others)
  A plant (D:1)
1 creature vanquished.

Grand Total: 92 creatures vanquished

Notes
Turn   | Place    | Note
-------+----------+-------------------------------------------
     0 | D:1      | Gabide the Mummy Necromancer began the quest for the Orb.
     0 | D:1      | Reached XP level 1. HP: 13/13 MP: 4/4
   308 | D:1      | Reached XP level 2. HP: 19/19 MP: 0/5
   594 | D:1      | Found a faded altar of an unknown god.
   710 | D:1      | Reached skill level 3 in Spellcasting
  1501 | D:2      | Reached XP level 3. HP: 25/25 MP: 3/7
  1507 | D:1      | Learned a level 3 spell: Vampiric Draining
  1797 | D:2      | Noticed Terence
  2163 | D:2      | Killed Terence
  2164 | D:2      | Reached skill level 4 in Spellcasting
  2220 | D:2      | Reached skill level 1 in Fighting
  2220 | D:2      | Reached XP level 4. HP: 32/32 MP: 6/10
  2225 | D:2      | Learned a level 4 spell: Animate Dead
  2487 | D:2      | Identified the +1 chain mail of Zummac {rC+ rCorr}
  3488 | D:4      | Noticed an ogre
  3497 | D:4      | Killed an ogre
  3498 | D:4      | Reached skill level 5 in Spellcasting
  3498 | D:4      | Reached skill level 5 in Necromancy
  3498 | D:4      | Reached XP level 5. HP: 37/37 MP: 0/12
  4094 | D:4      | Noticed an ogre
  4402 | D:4      | Killed an ogre
  4403 | D:4      | Reached XP level 6. HP: 33/43 MP: 0/14
  4762 | D:4      | Noticed Menkaure
  4770 | D:4      | Learned a level 5 spell: Agony
  4776 | D:4      | Killed Menkaure
  4777 | D:4      | Reached skill level 6 in Spellcasting
  4872 | D:4      | Noticed Edmund
  4886 | D:4      | Killed Edmund
  4887 | D:4      | Reached XP level 7. HP: 5/50 MP: 0/16
  5405 | D:5      | Entered Level 5 of the Dungeon
  5800 | D:5      | Reached skill level 1 in Maces & Flails
  5921 | D:5      | Reached skill level 7 in Spellcasting
  6345 | D:5      | Reached XP level 8. HP: 58/58 MP: 18/18
  7263 | D:6      | Found Mosidgh's Magic Scroll Emporium.
  7267 | D:6      | Bought a scroll of enchant weapon for 97 gold pieces
  7267 | D:6      | Bought a scroll of identify for 26 gold pieces
  7281 | D:5      | Reached skill level 8 in Spellcasting
  7994 | D:6      | Noticed a two-headed ogre
  8216 | D:5      | Mangled by a two-headed ogre

Illustrated notes

Levels and vault maps discovered:
D:1:      matt_arrival_spirals, layout_loops_ring,
          hellmonk_ecumenical_altar_run_dry, serial_forest,
          infiniplex_forest_clump_curved, infiniplex_forest_straight_4,
          infiniplex_forest_clump_tiny, infiniplex_forest_join,
          infiniplex_forest_straight_2, corexii_corridor_pit,
          chequers_serial_rivers_room_a, minmay_hexomino_f4
D:2:      layout_loops_cross, uniq_terence
D:3:      layout_basic
D:4:      old_forge, layout_gridville, kennysheep_generic_room_3, uniq_grinder,
          uniq_edmund, uniq_menkaure
D:5:      layout_basic, nicolae_ossuary_entry_monument
D:6:      layout_layer_cave, serial_shops, nicolae_shop_stone,
          hangedman_decor_opposing, chequers_serial_rivers_micro_b

Skill      XL: |  1  2  3  4  5  6  7  8 |
---------------+-------------------------+-----
Spellcasting   | 3 4 5 6 7 8 |  8.9
Dodging        | 2 3 |  3.4
Fighting       | 1 2 3 |  3.7
Necromancy     | 5 6 7 |  7.7
Maces & Flails | 1 2 |  2.1
Stealth        | 2 |  2.0

Action                   |  1- 3 |  4- 6 |  7- 9 || total
-------------------------+-------+-------+-------++-------
Melee: Unarmed           |    15 |       |       ||    15
       Flail             |       |    18 |    72 ||    90
       Dire flail        |       |       |    16 ||    16
       Punch             |       |       |     1 ||     1
 Cast: Pain              |    71 |    61 |    15 ||   147
       Vampiric Draining |     1 |    13 |    37 ||    51
       Animate Dead      |       |       |     4 ||     4
       Agony             |       |       |     2 ||     2
  Use: Scroll            |     2 |     4 |     5 ||    11
 Stab: Sleeping          |       |       |     2 ||     2
Armor: Robe              |     6 |     7 |    53 ||    66
Dodge: Dodged            |    15 |    23 |    75 ||   113
